 Dungeon Crawl Stone Soup version 0.28.0-45-g0d030f2227 (webtiles) character file.

Game seed: 17554259487582144870

125 Icepheonix32 the Skirmisher (level 4, 0/35 HPs)
             Began as a Demonspawn Fighter on Apr 8, 2022.
             Killed from afar by Sigmund (4 damage)
             ... with a magic dart
             ... on level 4 of the Dungeon.
             The game lasted 00:03:23 (3073 turns).

Icepheonix32 the Skirmisher (Demonspawn Fighter)    Turns: 3073, Time: 00:03:23

Health: 0/35       AC:  6    Str: 18    XL:     4   Next: 82%
Magic:  4/4        EV:  9    Int: 10    God:
Gold:   127        SH:  5    Dex: 18    Spells: 3/3 levels left

rFire   + . .      SeeInvis .   a - +0 long sword
rCold   . . .      Faith    .   c - +0 buckler
rNeg    . . .      Spirit   .   b - +0 scale mail
rPois   .          Reflect  .   (no helmet)
rElec   .          Harm     .   (no cloak)
rCorr   .          Rampage  .   (no gloves)
Will    .....                   (no boots)
Stlth   ..........              (no amulet)
HPRegen 0.11/turn               s - +6 ring of dexterity
MPRegen 0.18/turn               u - ring of protection from fire

@: brilliant, flying, hasted, very quick
A: powered by pain 1, magic regeneration
a: no special abilities


You were on level 4 of the Dungeon.
You visited 1 branch of the dungeon, and saw 4 of its levels.

You collected 127 gold pieces.

Inventory:

Hand Weapons
 a - a +0 long sword (weapon)
Missiles
 d - 5 javelins
 r - 4 boomerangs (quivered)
Armour
 b - a +0 scale mail (worn)
 c - a +0 buckler (worn)
 h - a +0 ring mail
Magical Staves
 g - a staff of conjuration
Jewellery
 s - a +6 ring of dexterity (left hand)
 u - a ring of protection from fire (right hand)
 v - an amulet of the acrobat
 w - an amulet of reflection
Scrolls
 e - 2 scrolls of enchant weapon {unknown}
 f - a scroll of blinking {unknown}
 i - a scroll of amnesia {unknown}
 j - a scroll of fear {unknown}
 k - a scroll of vulnerability {unknown}
 l - 2 scrolls of teleportation {unknown}
 m - 2 scrolls of fog {unknown}
 n - 2 scrolls of identify {unknown}
 q - a scroll of noise {unknown}
Potions
 o - a potion of flight
 t - a potion of haste


   Skills:
 + Level 3.3 Fighting
 - Level 3.1 Long Blades
 + Level 1.4 Throwing
 + Level 3.2 Armour
 + Level 0.6 Dodging
 + Level 3.0 Shields


You had 3 spell levels left.
You didn't know any spells.
Your spell library was empty.

Dungeon Overview and Level Annotations

Branches:
Dungeon (4/15)
 Temple: D:4-7

Altars:

Annotations:
D:4 Sigmund


Innate Abilities, Weirdness & Mutations

You sometimes gain a little power by taking damage.
You regenerate magic rapidly.


Message History

Sigmund the Dreaded comes into view.
He is wielding a +0 scythe.
Found a stone staircase leading up.
Sigmund shouts!
Sigmund closely misses you.
Sigmund is nearby!
It was a potion of flight.
You feel very buoyant.
You fly up into the air.
Found 2 bubbling brown potions.
Sigmund mumbles some strange words.
Sigmund flickers and vanishes!
Deactivating autopickup; reactivate with Ctrl-A.
You closely miss something. Something hits you!
You barely miss something. Something hits you.
It was a potion of magic.
Magic courses through your body. Something hits you but does no damage.
You barely miss something. Something hits you.
You barely miss something. You barely miss something.
You hear some strange, mumbled words.
You are confused.
Something hits you but does no damage.
You hit something. Something hits you!
* * * LOW HITPOINT WARNING * * *
It was a potion of haste.
You feel yourself speed up.
It was a potion of brilliance.
You feel clever all of a sudden. Something hits you.
* * * LOW HITPOINT WARNING * * *
Unknown command.
You miss something.
Unknown command.
You are too confused!
Unknown command.
Something hits you but does no damage.
You feel less confused. Something hits you but does no damage.
A magic dart appears from out of thin air!
The magic dart hits you.
You die...

#............ ..###
##..........# .....
##...##...##
#.#.##########.###.###
##..............# #..
............##### #.#
..........†.#
♣♣.........#
♣.....@...###
.............##..
####....#..{..<....
##.....#.###....
##....#... ..!
####+#.#... . #......
#.. ... #.....#


There were no monsters in sight!

Vanquished Creatures
  Jessica (D:3)
  A hound skeleton (D:2)
  4 adders
  A worm (D:3)
  8 ball pythons
  4 endoplasms
  2 giant cockroaches
  2 goblins
  5 hobgoblins
  2 quokkas (D:1)
  7 bats
  A frilled lizard (D:1)
  6 kobolds
  3 rats
47 creatures vanquished.

Vanquished Creatures (others)
  14 plants (D:1)
14 creatures vanquished.

Grand Total: 61 creatures vanquished

Notes
Turn   | Place    | Note
-------+----------+-------------------------------------------
     0 | D:1      | Icepheonix32 the Demonspawn Fighter began the quest for the
                  | Orb.
     0 | D:1      | Reached XP level 1. HP: 18/18 MP: 1/1
   532 | D:1      | Gained mutation: You regenerate magic rapidly. [demonic
                  | ancestry]
   532 | D:1      | Reached XP level 2. HP: 22/24 MP: 2/2
   730 | D:1      | HP: 1/24 [constriction (1)]
  1655 | D:2      | Reached XP level 3. HP: 29/29 MP: 3/3
  1926 | D:2      | Found a faded altar of an unknown god.
  2209 | D:3      | Gained mutation: You sometimes gain a little power by
                  | taking damage. [demonic ancestry]
  2209 | D:3      | Reached XP level 4. HP: 33/35 MP: 4/4
  2266 | D:3      | Noticed Jessica
  2273 | D:3      | Killed Jessica
  2898 | D:3      | Reached skill level 1 in Throwing
  3054 | D:4      | Noticed Sigmund
  3073 | D:4      | Killed from afar by Sigmund

Illustrated notes

Levels and vault maps discovered:
D:1:      roderic_crop_circles_arrival_small, layout_basic
D:2:      layout_rooms, hellmonk_ecumenical_altar_lost_god
D:3:      layout_loops_ring, minmay_misc_feat_hallway, minmay_misc_feat_rugged,
          uniq_jessica
D:4:      layout_rooms, nicolae_overflow_hidden_temple, roderic_batcave,
          chequers_serial_rivers_small_a, st_stairs_12, kennysheep_path_1,
          kennysheep_nondescript, chequers_mini_garden, uniq_grinder,
          uniq_menkaure, uniq_sigmund

Skill      XL: |  1  2  3  4 |
---------------+-------------+-----
Long Blades    | 2 3 |  3.1
Armour         | 3 |  3.2
Shields        | 3 |  3.0
Throwing       | 1 |  1.4
Fighting       | |  3.3
Dodging        | |  0.6

Action                   |  1- 3 |  4- 6 || total
-------------------------+-------+-------++-------
Melee: Long sword        |    84 |    45 ||   129
Throw: Javelin           |    10 |       ||    10
       Boomerang         |     9 |    16 ||    25
  Use: Potion            |     2 |     4 ||     6
Armor: Scale mail        |    52 |    48 ||   100
Dodge: Dodged            |    39 |    39 ||    78
Block: Buckler           |    24 |    20 ||    44
